 Dungeon Crawl Stone Soup version 0.29-a0-323-g050149af67 (webtiles) character file.

Game seed: 16067694685649025

45 spaghetti the Covert (level 3, -9/26 HPs)
             Began as an Octopode Delver on Apr 10, 2022.
             Killed from afar by Natasha (10 damage)
             ... with a magic dart
             ... on level 4 of the Dungeon.
             The game lasted 00:01:25 (1020 turns).

spaghetti the Covert (Octopode Delver)              Turns: 1020, Time: 00:01:26

Health: -9/26      AC:  1    Str: 11    XL:     3   Next: 64%
Magic:  3/3        EV: 13    Int: 12    God:
Gold:   28         SH:  0    Dex: 15    Spells: 2/2 levels left

rFire   . . .      SeeInvis .   a - +0 falchion {long}
rCold   . . .      Faith    .   (no shield)
rNeg    . . .      Spirit   .   (helmet restricted)
rPois   .          Reflect  .   (no amulet)
rElec   .          Harm     .   (no ring)
rCorr   .          Rampage  .   (no ring)
Will    .....                   (no ring)
Stlth   +++++.....              (no ring)
HPRegen 0.08/turn               (no ring)
MPRegen 0.08/turn               (no ring)
                                (no ring)
                                (no ring)

@: no status effects
A: almost no armour, amphibious, 8 rings, camouflage 1, gelatinous body 1,
(nimble swimmer 1), tentacles
a: no special abilities


You were on level 4 of the Dungeon.
You visited 1 branch of the dungeon, and saw 2 of its levels.

You collected 28 gold pieces.


Innate Abilities, Weirdness & Mutations

You cannot wear most types of armour.
You are amphibious.
You can wear up to eight rings at the same time.
Your skin changes colour to match your surroundings (Stealth+).
Your rubbery body absorbs attacks. (AC +1, EV +1)
((You are camouflaged when in or above water. (Stealth+)))
You have tentacles for arms and can constrict up to eight enemies at once.


   Skills:
 - Level 3.0 Fighting
 - Level 2.0 Long Blades
 - Level 2.0 Dodging
 + Level 8.3 Stealth


You had 2 spell levels left.
You didn't know any spells.
Your spell library contained the following spells:

 Spells                   Type           Power      Damage    Failure   Level
 Beastly Appendage        Tmut           0%         N/A       32%         1
 Slow                     Hex            0%         N/A       32%         1
 Wereblood                Tmut           0%         N/A       45%         2
 Confusing Touch          Hex            0%         N/A       69%         3
 Spider Form              Tmut/Pois      0%         N/A       69%         3
 Vampiric Draining        Necr           0%         2d6       69%         3

Inventory:

Hand Weapons
 a - a +0 falchion (weapon) {long}
Missiles
 h - 46 stones (quivered) {throwing}
 i - 6 poisoned darts {throwing}
 j - 6 javelins {throwing}
Wands
 f - a wand of digging (7)
Scrolls
 b - a scroll of fog
 c - a scroll of magic mapping {!r}
 d - a scroll of fear
 g - 3 scrolls of noise {unknown}
Potions
 e - a potion of haste {@q3}

Dungeon Overview and Level Annotations

Branches:
Dungeon (5/15)
 Temple: D:4-7

Altars:
Makhleb
Qazlal

Annotations:
D:4 Natasha
D:5 exclusion: phantom

#.#.# #.# #.# #..
#.#.# #.# #.# #..
#.#.# #.# #.# ##.
#.#.# #.# #.# #
#.
#.#.#####.###'#.#
####.
#)#...........#
#####....
#.'...........#
#.....###
###...........#
#.....#
#.....@.....#
#.....#
#....o5h....#
#.....+
#...........#
#.#+..#
.............# #.
...#
.#...........# #
.#.#
.............#
#.<..
#.#'#'####'#.# #.
#. #.#.#. .#.#


You could see an iron imp (summoned), Natasha and an orc.


Message History

Throw: 2 javelins {throwing}
Press: ? - help, Shift-Dir - straight line, f/p - orc
Aim: an orc, wielding a +0 trident and wearing a +0 leather armour (almost dead, 57% to hit)
You throw a javelin {throwing}.
The javelin {throwing} pierces through the orc.
You kill the orc!
You feel less wooden. 😕 HP[-8]
You now have 21 max hp (-10).
You barely miss the orc. You grab the orc. You constrict the orc.
The orc misses you.
You hit the orc.
You kill the orc!
Items here: )) ††.
You start resting. 😎 HP[+4]
Your hp is fully restored (21).
j - 6 javelins {throwing} (gained 5)
Things that are here:
a +0 trident {polearm}; a +0 leather armour; an orc corpse
h - 45 stones {throwing} (gained 1)
h - 46 stones {throwing} (gained 1) Key pressed, stopping explore.
k - a potion of curing {@q1} You open the door.
There is an open door here.
Key pressed, stopping explore.
Natasha, Servant of Life and Death comes into view.
Natasha hisses angrily.
You hit Natasha but do no damage. You grab Natasha. You constrict Natasha.
Natasha closely misses you.
You completely miss Natasha. You squeeze Natasha. You constrict Natasha.
Natasha casts a spell.
Natasha claws you but does no damage.
You hit Natasha but do no damage. You squeeze Natasha!
You kill Natasha!
Natasha screams in pain as she dies!
The white imp disappears in a puff of smoke!
Your Stealth skill increases to level 8!
You have reached level 3!
Your experience leads to an increase in your attributes!
Increase (S)trength, (I)ntelligence, or (D)exterity?
You feel agile. x2 😎 HP[+5] MP[+1]
You now have 26 max hp (+5).
Your hp is fully restored (26).
Your mp is fully restored (3).
An orc is nearby!
An orc is nearby!
An orc is nearby!
Natasha, Servant of Life and Death comes into view.
Natasha mumbles some strange words.
The orc shouts!
You closely miss the iron imp. You grab the iron imp.
You constrict the iron imp. The iron imp closely misses you.
Natasha closely misses you.
The orc hits you with a +0 hand axe. 😕 HP[-3]
You take 3 damage, and now have 23/26 hp.
You are too injured to fight recklessly!
You are too injured to fight recklessly!
You are too injured to fight recklessly!
You are too injured to fight recklessly!
You are too injured to fight recklessly!
You are too injured to fight recklessly!
You are too injured to fight recklessly!
You are too injured to fight recklessly!
You are too injured to fight recklessly!
You are too injured to fight recklessly!
You are too injured to fight recklessly!
You are too injured to fight recklessly!
Unknown command.
You hit the iron imp.
You constrict the iron imp, but do no damage.
The iron imp barely misses you. Natasha claws you.
The orc completely misses you. 😕 HP[-2]
You take 2 damage, and now have 21/26 hp.
You closely miss Natasha. Your grab misses Natasha.
You constrict the iron imp, but do no damage.
Natasha claws you! The orc hits you but does no damage. The iron imp hits you!
* * * LOW HITPOINT WARNING * * *
😱 HP[-15]
You take 15 damage, and now have 6/26 hp.
MASSIVE DAMAGE!! (PAUSE)
You feel better.
You constrict the iron imp, but do no damage.
Natasha claws you!
* * * LOW HITPOINT WARNING * * *
The orc hits you with a +0 hand axe.
* * * LOW HITPOINT WARNING * * *
The iron imp misses you. 😱 HP[-5]
You take 5 damage, and now have 1/26 hp.
Unknown command.
Unknown command.
You hit Natasha. You grab Natasha.
You constrict Natasha, but do no damage.
You constrict the iron imp.
Natasha stares at you and mumbles some strange words.
The magic dart hits you!
You die...

Skill      XL: |  1  2 |
---------------+-------+-----
Stealth        | 7 8 |  8.3
Fighting       | |  3.0
Long Blades    | |  2.0
Dodging        | |  2.0

Action                   || total
-------------------------++-------
Melee: Falchion          ||    28
       Constrict         ||     9
       Tentacles         ||     5
Throw: Javelin           ||     5
       Stone             ||     3
  Use: Potion            ||     3
 Stab: Sleeping          ||     2
       Distracted        ||     1
Armor: Skin              ||    14
Dodge: Dodged            ||    15

Levels and vault maps discovered:
D:4:      layout_basic, lemuel_doored_altar, uniq_natasha
D:5:      layout_gridville, nicolae_gozag_zags_fifth_avenue,
          nicolae_dithmenos_shadow_blocks, grunt_temple_overflow_open,
          minmay_temple_entry_waves, chequers_serial_rivers_small_3,
          nicolae_concentric_dashed_squares_wild

Notes
Turn   | Place    | Note
-------+----------+-------------------------------------------
     0 | D:5      | spaghetti the Octopode Delver began the quest for the Orb.
     0 | D:5      | Reached XP level 1. HP: 16/16 MP: 1/1
     0 | D:5      | magus.rc [v1.9.6]
     8 | D:5      | You pick up a book of Changes and begin reading...
     8 | D:5      | You add the spells Beastly Appendage, Wereblood and Spider
                  | Form to your library.
    34 | D:5      | Found a stormy altar of Qazlal.
    47 | D:4      | Found a burning altar of Makhleb.
   191 | D:5      | Noticed a phantom
   386 | D:4      | Reached skill level 7 in Stealth
   388 | D:4      | Reached XP level 2. HP: 15/21 MP: 2/2
   830 | D:4      | You pick up a book of Debilitation and begin reading...
   830 | D:4      | You add the spells Slow, Vampiric Draining and Confusing
                  | Touch to your library.
   993 | D:4      | Noticed Natasha
  1005 | D:4      | Killed Natasha
  1006 | D:4      | Reached skill level 8 in Stealth
  1006 | D:4      | Reached XP level 3. HP: 26/26 MP: 3/3
  1012 | D:4      | Noticed Natasha
  1018 | D:4      | HP: 6/26 [iron imp[Natasha] (8)]
  1019 | D:4      | HP: 1/26 [orc/+0 hand axe (6)]
  1020 | D:4      | Killed from afar by Natasha

Vanquished Creatures
  Natasha (D:4)
  6 orcs (D:4)
  A giant cockroach (D:4)
  A goblin (D:4)
  3 hobgoblins (D:4)
  A kobold (D:4)
13 creatures vanquished.

Table legend:
 A = Non-vault XP
 B = Vault XP
 C = Vault XP percentage of total XP
 D = Non-vault monster count
 E = Vault monster count
 F = Vault count percentage of total count
                 A         B        C        D         E       F
            +---------+---------+-------+---------+---------+-------
      Total |      30 |      35 |  53.8 |      12 |       1 |   7.7
            +---------+---------+-------+---------+---------+-------
        D:4 |      30 |      35 |  53.8 |      12 |       1 |   7.7
            +---------+---------+-------+---------+---------+-------

Illustrated notes

Table legend:
 A = Kills in this place as a percentage of kills in entire the game.
 B = Kills by you in this place as a percentage of kills by you in the entire game.
 C = Kills by friends in this place as a percentage of kills by friends in the entire game.
 D = Other kills in this place as a percentage of other kills in the entire game.
 E = Experience gained in this place as a percentage of experience gained in the entire game.
 F = Experience gained in this place divided by the number of levels of this place that you have seen.
                   A       B       C       D       E      F
               +-------+-------+-------+-------+-------+----------------------
         Total | 100.0 | 100.0 |   N/A |   N/A | 100.0 |  32.5
       Dungeon | 100.0 | 100.0 |   N/A |   N/A | 100.0 |  32.5
               +-------+-------+-------+-------+-------+----------------------

Table legend: (Time is in decaauts)
 A = Elapsed time spent in this place.
 B = Non-inter-level travel time spent in this place.
 C = Inter-level travel time spent in this place.
 D = Time resting spent in this place.
 E = Time spent auto-exploring this place.
 F = Levels seen in this place.
 G = Mean time per level.
                   A        B        C        D        E       F      G
               +--------+--------+--------+--------+--------+-----+--------+
         Total |   1028 |    984 |     44 |    336 |    506 |   2 |  514.0 |
       Dungeon |   1028 |    984 |     44 |    336 |    506 |   2 |  514.0 |
               +--------+--------+--------+--------+--------+-----+--------+

Top non-repeatable levels by time:
     D:4: 844 daAuts
     D:5: 184 daAuts
